 Dungeon Crawl Stone Soup version 0.18.1-48-g4cf74bf (webtiles) character file.

262 Inkary the Covered (level 5, 0/42 HPs)
             Began as a Demonspawn Wanderer on Sept 3, 2016.
             Slain by an ogre
             ... wielding a +0 giant spiked club
              (13 damage)
             ... on level 6 of the Dungeon.
             The game lasted 00:07:08 (2053 turns).

Inkary the Covered (Demonspawn Wanderer)            Turns: 2053, Time: 00:07:09

Health: 0/42       AC: 10    Str: 11    XL:     5   Next: 97%
Magic:  5/5        EV:  8    Int: 14    God:
Gold:   155        SH:  3    Dex: 14    Spells: 0 memorised, 4 levels left

rFire  . . .     SeeInvis .     d - +0 falchion
rCold  . . .     Gourm    .     a - +2 scale mail
rNeg   . . .     Faith    .     n - +0 buckler
rPois  .         Spirit   .     (no helmet)
rElec  .         Dismiss  .     q - +0 cloak
rCorr  .         Reflect  .     (no gloves)
SustAt .         Harm     .     (no boots)
MR     .....                    (no amulet)
Stlth  ..........               (no ring)
                                (no ring)

@: not resistant to hostile enchantments, extremely unstealthy
A: hooves 1, powered by death 2
a: no special abilities


You were on level 6 of the Dungeon.
You were not hungry.

You visited 1 branch of the dungeon, and saw 5 of its levels.

You collected 155 gold pieces.

Inventory:

Hand Weapons
 d - a +0 falchion (weapon)
Armour
 a - a +2 scale mail (worn)
 n - a +0 buckler (worn)
 q - a +0 cloak (worn)
Jewellery
 o - a +1 ring of evasion {unknown}
Scrolls
 e - a scroll of identify {unknown}
 h - a scroll of amnesia {unknown}
 i - a scroll of fog {unknown}
 j - 5 scrolls of remove curse
 m - a scroll of random uselessness {unknown}
Potions
 b - 3 potions of curing {unknown}
 g - 2 potions of mutation {unknown}
 k - a potion of agility {unknown}
 p - a potion of cure mutation {unknown}
Comestibles
 c - a meat ration
 f - a bread ration
 l - a beef jerky


   Skills:
 + Level 3.9 Fighting
 + Level 3.5 Long Blades
 - Level 1.0 Throwing
 + Level 4.1 Armour
 - Level 1.0 Dodging
   Level 1.0 Evocations


You had 4 spell levels left.
You didn't know any spells.

Dungeon Overview and Level Annotations

Branches:
Dungeon (6/15)
 Temple: D:4-7

Altars:
Fedhas
Nemelex Xobeh

Annotations:
D:5 Edmund


Innate Abilities, Weirdness & Mutations

You have large cloven feet.
You regenerate health from kills.


Message History

The ogre is heavily wounded.
The ogre barely misses you.
You hit the ogre but do no damage.
The ogre is heavily wounded.
You block the ogre's attack.
You barely miss the ogre.
The ogre is heavily wounded.
The ogre hits you with a giant spiked club!
You completely miss the ogre. You kick the ogre, but do no damage.
The ogre is heavily wounded.
The ogre hits you with a giant spiked club!
You closely miss the ogre. You kick the ogre, but do no damage.
The ogre is heavily wounded.
You hit the ogre.
The ogre is severely wounded.
The ogre closely misses you.
You hit the ogre. You kick the ogre, but do no damage.
The ogre is almost dead.
The ogre hits you with a giant spiked club!
You die...

..#..... ..#....
. ..#...# ..
##.#...#
...##..#...#
.......#.[.#
#...O#...#
#...@...#
#...#...#
.......###'##
.......#....#
.......#....#
#......#....#
#......#...##
#......#...#
#......+...######


You could see an ogre.

Vanquished Creatures
  A phantom (D:3)
  A centaur zombie (D:6)
  Terence (D:2)
  5 adders (D:2)
  2 oozes (D:2)
  2 worms
  4 dart slugs
  A giant gecko (D:2)
  3 bats (D:2)
  3 giant cockroaches
  9 goblins
  5 hobgoblins
  3 jackals (D:1)
  A quokka (D:2)
  3 giant newts (D:1)
  4 kobolds
  9 rats
57 creatures vanquished.

Notes
Turn   | Place    | Note
--------------------------------------------------------------
     0 | D:1      | Inkary the Demonspawn Wanderer began the quest for the Orb.
     0 | D:1      | Inkary set off with: a +2 scale mail, a +0 shortbow, 25 arrows, a +0 falchion, a bread ration
     0 | D:1      | Reached XP level 1. HP: 16/16 MP: 1/1
   216 | D:1      | Gained mutation: You regenerate a little health from kills. [demonic ancestry]
   216 | D:1      | Reached XP level 2. HP: 23/23 MP: 2/2
   273 | D:1      | Reached skill level 3 in Armour
   766 | D:1      | Gained mutation: You regenerate health from kills. [demonic ancestry]
   766 | D:1      | Reached XP level 3. HP: 28/28 MP: 3/3
   832 | D:1      | Found a sparkling altar of Nemelex Xobeh.
  1238 | D:2      | Reached XP level 4. HP: 34/35 MP: 4/4
  1382 | D:2      | Noticed Terence
  1401 | D:2      | Killed Terence
  1662 | D:2      | Gained mutation: You have large cloven feet. [demonic ancestry]
  1662 | D:2      | Reached XP level 5. HP: 41/41 MP: 5/5
  1844 | D:3      | Noticed a phantom
  1897 | D:3      | Killed a phantom
  1897 | D:3      | Reached skill level 4 in Armour
  1941 | D:3      | You fall through a shaft for 3 floors!
  2000 | D:5      | Entered Level 5 of the Dungeon
  2000 | D:5      | Found a blossoming altar of Fedhas.
  2005 | D:5      | Noticed Edmund
  2042 | D:6      | Noticed an ogre
  2053 | D:6      | Slain by an ogre

Skill      XL: |  1  2  3  4  5 |
---------------+----------------+-----
Long Blades    | 2 3 |  3.5
Armour         | 3 4 |  4.1
Fighting       | 3 |  3.9
Throwing       | |  1.0
Dodging        | |  1.0
Evocations     | |  1.0

Action                   |  1- 3 |  4- 6 || total
-------------------------+-------+-------++-------
Melee: Falchion          |   162 |   130 ||   292
       Kick              |       |    24 ||    24
  Use: Scroll            |       |     1 ||     1
  Eat: Chunk             |     1 |     3 ||     4
Armor: Scale mail        |   102 |    42 ||   144
Dodge: Dodged            |    97 |    52 ||   149
Block: Buckler           |       |     5 ||     5
